 Dungeon Crawl Stone Soup version 0.26.1 (webtiles) character file.

Game seed: 1123502423753010502

121 Gauvater the Skirmisher (level 4, -2/40 HPs)
             Began as a Palentonga Fighter on Feb 6, 2021.
             Slain by an ice beast (11 damage)
             ... on level 2 of the Dungeon.
             The game lasted 00:04:12 (1189 turns).

Gauvater the Skirmisher (Palentonga Fighter)        Turns: 1189, Time: 00:04:13

Health: -2/40      AC:  6    Str: 20    XL:     4   Next: 77%
Magic:  4/4        EV:  6    Int:  8    God:
Gold:   62         SH:  9    Dex: 10    Spells: 3/3 levels left

rFire    . . .     SeeInvis +   a - +0 war axe
rCold    . . .     Faith    .   c - +0 kite shield
rNeg     . . .     Spirit   .   b - +0 scale mail
rPois    .         Reflect  .   (no helmet)
rElec    .         Harm     .   (no cloak)
rCorr    .         Rampage  .   (no gloves)
Will     .....                  (no barding)
Stlth    ..........             (no amulet)
HPRegen  0.13/turn              (no ring)
MPRegen  0.09/turn              (no ring)

@: no status effects
A: large, rugged brown scales 3, see invisible, deformed body, roll 1, armoured
tail
a: Rolling Charge


You were on level 2 of the Dungeon.
You visited 1 branch of the dungeon, and saw 2 of its levels.

You collected 62 gold pieces.

Inventory:

Hand Weapons
 a - a +0 war axe (weapon)
Missiles
 f - 18 arrows
 h - 28 sling bullets
 i - 12 stones
Armour
 b - a +0 scale mail (worn)
 c - a +0 kite shield (worn)
Scrolls
 j - 2 scrolls of identify {unknown}
 k - a scroll of amnesia {unknown}
Potions
 d - a potion of might
 e - 2 potions of lignification {unknown}
 g - a potion of invisibility {unknown}


   Skills:
 + Level 3.5 Fighting
 + Level 3.2 Axes
 + Level 2.9 Armour
 + Level 0.8 Dodging
 + Level 3.1 Shields


You had 3 spell levels left.
You didn't know any spells.
Your spell library was empty.

Dungeon Overview and Level Annotations

Branches:
Dungeon (2/15)

Altars:


Innate Abilities, Weirdness & Mutations

You are completely covered in rugged brown scales. (AC +3, +7% HP)
You have supernaturally acute eyesight. (SInv)
Armour fits poorly on your strangely shaped body.
You can roll at nearby foes to attack.
You have a long armoured tail.


Message History

The bat skeleton hits you but does no damage.
The ice beast hits you. The ice beast freezes you!
* * * LOW HITPOINT WARNING * * *
The bat skeleton hits you but does no damage.
The bat skeleton barely misses you. The bat skeleton barely misses you.
The bat skeleton hits you but does no damage.
The bat skeleton hits you but does no damage. x2
The bat skeleton barely misses you. The bat skeleton hits you.
* * * LOW HITPOINT WARNING * * *
You slash the bat skeleton!
You destroy the bat skeleton!
The ice beast hits you but does no damage.
You closely miss the ice beast.
The ice beast is moderately wounded.
The ice beast hits you.
* * * LOW HITPOINT WARNING * * *
The ice beast freezes you!
You die...

#.#
#....'.....#
#.#
#....#######
#.# #....#
#.#
#....#######
#.#
#..........#
#.#
#..........#
#.#
#..........#
#.#
#.########.#
#. #.# #.#
#@# ...
#.###'##
#Y#####'''
#.##...#
#.........
#.##...#
#........#
#.##...#
#......[.+
###.##...#
#........#
#....'††.#
#........+
######...#
#........#
#...#
#.#.......


You could see an ice beast.

Vanquished Creatures
  A phantom (D:2)
  A dart slug (D:1)
  A leopard gecko (D:1)
  2 bat skeletons (D:2)
  2 bat zombies (D:2)
  2 giant cockroaches (D:1)
  5 hobgoblins (D:1)
  2 kobolds (D:1)
  A ball python (D:2)
  7 bats
  2 frilled lizards (D:1)
  5 rats
31 creatures vanquished.

Notes
Turn   | Place    | Note
-------+----------+-------------------------------------------
     0 | D:1      | Gauvater the Palentonga Fighter began the quest for the
                  | Orb.
     0 | D:1      | Reached XP level 1. HP: 20/20 MP: 1/1
    64 | D:1      | Reached XP level 2. HP: 25/27 MP: 2/2
   637 | D:2      | Noticed a phantom
   910 | D:2      | Killed a phantom
   911 | D:2      | Reached XP level 3. HP: 18/33 MP: 3/3
   911 | D:2      | Reached XP level 4. HP: 22/40 MP: 4/4
  1173 | D:2      | Noticed an ice beast
  1189 | D:2      | Slain by an ice beast

Illustrated notes

Levels and vault maps discovered:
D:1:      shiori_arrival_maze, layout_rooms
D:2:      layout_basic, kennysheep_vampire_church, general_overflow_altar,
          chequers_ecumenical_altar_island, makhleb_heckhound_becter

Skill      XL: |  1  2 |
---------------+-------+-----
Axes           | 3 |  3.2
Shields        | 3 |  3.1
Fighting       | |  3.5
Armour         | |  2.9
Dodging        | |  0.8

Action                   |  1- 3 |  4- 6 || total
-------------------------+-------+-------++-------
Melee: War axe           |    89 |    28 ||   117
       Tailslap          |    10 |     3 ||    13
 Abil: Rolling Charge    |    21 |     4 ||    25
Armor: Scale mail        |    73 |    45 ||   118
Dodge: Dodged            |    32 |    18 ||    50
Block: Kite shield       |    63 |    20 ||    83
